 Dungeon Crawl Stone Soup version 0.25.1-9-gc5326a611f (webtiles) character file.

Game seed: 18030322325641703396

431 Clowwww the Purveyor of Pain (level 6, -1/42 HPs)
             Began as a Demonspawn Necromancer on Dec 29, 2020.
             Was an Initiate of Kikubaaqudgha.
             Slain by an iguana (6 damage)
             ... on level 5 of the Dungeon.
             The game lasted 00:13:24 (4755 turns).

Clowwww the Purveyor of Pain (DsNe)                 Turns: 4755, Time: 00:13:24

Health: -1/42      AC:  3    Str:  9    XL:     6   Next: 66%
Magic:  2/13       EV: 12    Int: 18    God:    Kikubaaqudgha [......]
Gold:   79         SH:  0    Dex: 13    Spells: 5/14 levels left

rFire    . . .     SeeInvis .   (no weapon)
rCold    . . .     Gourm    .   (no shield)
rNeg     . . .     Faith    .   a - +1 robe
rPois    .         Spirit   .   (helmet restricted)
rElec    .         Reflect  .   (no cloak)
rCorr    .         Harm     .   (no gloves)
MR       .....                  (no boots)
Stlth    ++........             (no amulet)
HPRegen  0.14/turn              (no ring)
MPRegen  0.13/turn              (no ring)

@: very slightly contaminated
A: antennae 2
a: Renounce Religion


You were on level 5 of the Dungeon.
You worshipped Kikubaaqudgha.
Kikubaaqudgha was noncommittal.
You were not hungry.

You visited 1 branch of the dungeon, and saw 6 of its levels.

You collected 79 gold pieces.

Inventory:

Armour
 a - a +1 robe (worn)
Scrolls
 b - a scroll of fear {unknown}
 g - 2 scrolls of teleportation
 j - a scroll of enchant weapon
 m - a scroll of remove curse
Potions
 d - a potion of brilliance
 e - a potion of heal wounds
 f - a potion of degeneration
 l - 2 potions of lignification {unknown}
 o - a potion of magic {unknown}
Comestibles
 c - 8 rations


   Skills:
 + Level 0.3 Fighting
 + Level 2.2 Dodging
 + Level 2.0 Stealth
 + Level 0.7 Unarmed Combat
 + Level 4.9 Spellcasting
 + Level 0.7 Summonings
 + Level 6.3 Necromancy


You had 5 spell levels left.
You knew the following spells:

 Your Spells              Type           Power        Failure   Level  Hunger
a - Pain                  Necr           ####         1%          1    None
b - Vampiric Draining     Necr           ####......   3%          3    ###....
c - Animate Dead          Necr           N/A          10%         4    ####...
d - Summon Small Mammal   Summ           #...         10%         1    None

Your spell library contained the following spells:

 Spells                   Type           Power        Failure   Level  Hunger
 Animate Skeleton         Necr           N/A          1%          1    None
 Agony                    Necr           ####....     28%         5    ######.


Dungeon Overview and Level Annotations

Branches:
Dungeon (6/15)
 Temple: D:4-7

Altars:
Gozag
Kikubaaqudgha
Sif Muna
Vehumet

Annotations:
D:3 3 runed translucent doors, kalodont's ghost, weakling KoEn


Innate Abilities, Weirdness & Mutations

You have a pair of antennae on your head.


Message History

Press: ? - help, Dir - move target cursor, p - adder You are very lightly contaminated with residual magic.
As you read the scroll of blinking, it crumbles to dust.
The quokka bites you.
* * * LOW HITPOINT WARNING * * *
The crimson imp shouts!
You hit the quokka.
The quokka is moderately wounded.
You feel sick. The quokka misses you.
An iguana comes into view.
The iguana hisses angrily.
The quokka closely misses you.
Found a stone staircase leading down.
The quokka closely misses you.
The crimson imp blinks!
You feel sick.
You are no longer poisoned.
The quokka barely misses you. The iguana bites you.
You die...
Kikubaaqudgha rasps: "You have failed me!
Welcome... death!"

####### ## ########
......# ..###......##
......# ............#
......# ..........(.#
......# ............#
......# ............#
####### ...##.....)..#
......##...##....l..##
................@....#
................r....#
...............(S.5.##
......#########.....#
......##...####.....##.
......##................
......##.......5.ยง.......
............%............
........................>


You could see an iguana, 2 crimson imps, an adder and a quokka.

Vanquished Creatures
  A water moccasin (D:4)
  A scorpion (D:5)
  Jessica (D:3)
  An iguana (D:4)
  2 worker ants
  5 adders
  4 gnolls (D:3)
  A worm (D:3)
  3 leopard geckos
  4 orcs
  A ball python (D:3)
  5 bats
  7 goblins
  3 hobgoblins
  2 jackals (D:3)
  7 kobolds
  2 quokkas
  2 frilled lizards (D:3)
  A jackal skeleton (D:5)
  A leopard gecko skeleton (D:4)
  9 rats
63 creatures vanquished.

Vanquished Creatures (collateral kills)
  A crimson imp (D:5)
  A hound skeleton (D:5)
2 creatures vanquished.

Grand Total: 65 creatures vanquished

Notes
Turn   | Place    | Note
-------+----------+-------------------------------------------
     0 | D:1      | Clowwww the Demonspawn Necromancer began the quest for the
                  | Orb.
     0 | D:1      | Reached XP level 1. HP: 13/13 MP: 3/3
   213 | D:1      | You fall into a shaft and drop 1 floor!
   401 | D:2      | Gained mutation: You have a pair of small antennae on your
                  | head. [demonic ancestry]
   401 | D:2      | Reached XP level 2. HP: 19/19 MP: 3/5
   577 | D:2      | Reached skill level 5 in Necromancy
   660 | D:2      | Reached XP level 3. HP: 17/24 MP: 0/6
  1025 | D:2      | Learned a level 3 spell: Vampiric Draining
  1379 | D:3      | Noticed Jessica
  1401 | D:2      | Reached XP level 4. HP: 16/30 MP: 1/8
  2233 | D:3      | Found a runed translucent gate.
  2235 | D:3      | Found a runed translucent gate.
  2235 | D:3      | Found a runed translucent gate.
  2236 | D:3      | Found an opulent altar of Gozag.
  2237 | D:3      | Noticed kalodont's ghost (weakling KoEn)
  2320 | D:3      | Killed Jessica
  2662 | D:3      | Gained mutation: You have a pair of antennae on your head.
                  | [demonic ancestry]
  2662 | D:3      | Reached XP level 5. HP: 33/35 MP: 6/10
  2743 | D:3      | Learned a level 4 spell: Animate Dead
  3665 | D:4      | Found a shimmering blue altar of Sif Muna.
  3666 | D:4      | Found an ancient bone altar of Kikubaaqudgha.
  3667 | D:4      | Found a radiant altar of Vehumet.
  3671 | D:4      | Identified Sif Muna's Guide on Creation
  3714 | D:4      | Became a worshipper of Kikubaaqudgha
  3793 | D:3      | Learned a level 1 spell: Summon Small Mammal
  3874 | D:5      | Entered Level 5 of the Dungeon
  3889 | D:5      | Reached skill level 6 in Necromancy
  3901 | D:5      | Reached XP level 6. HP: 7/41 MP: 3/12
  4134 | D:4      | HP: 2/41 [poisoned by a crimson imp]
  4142 | D:4      | HP: 1/41 [poisoned by a crimson imp]
  4390 | D:5      | Noticed a water moccasin
  4396 | D:4      | Killed a water moccasin
  4755 | D:5      | Slain by an iguana

Illustrated notes

Levels and vault maps discovered:
D:1:      shiori_arrival_oz, layout_loops_corners
D:2:      layout_loops_ring, first_ration, supply_closet_lemuel
D:3:      layout_loops_ring, ebering_ghost_gozag, uniq_jessica
D:4:      layout_loops_ring, grunt_temple_overflow_magic_moments
D:5:      layout_gridville, minmay_temple_entry_fiery
D:6:      layout_cave_pools, fedhas_altar_3, lemuel_coloured_pillars_altar,
          lemuel_crystal_altar

Skill      XL: |  1  2  3  4  5  6 |
---------------+-------------------+-----
Dodging        | 2 |  2.2
Necromancy     | 5 6 |  6.3
Spellcasting   | 3 4 |  4.9
Stealth        | 2 |  2.0
Fighting       | |  0.3
Unarmed Combat | |  0.7
Summonings     | |  0.7

Action                   |  1- 3 |  4- 6 || total
-------------------------+-------+-------++-------
Melee: Unarmed           |       |    68 ||    68
       Punch             |       |     1 ||     1
 Cast: Pain              |    46 |    85 ||   131
       Vampiric Draining |       |     8 ||     8
       Summon Small Mamm |       |     9 ||     9
       Animate Dead      |       |     3 ||     3
  Use: Scroll            |       |    12 ||    12
       Potion            |       |     1 ||     1
 Stab: Sleeping          |       |     1 ||     1
  Eat: Chunk             |     2 |     5 ||     7
       Ration            |       |     2 ||     2
Armor: Robe              |       |    21 ||    21
Dodge: Dodged            |     8 |    79 ||    87
